 Dungeon Crawl Stone Soup version 0.19.4-10-g532645f (webtiles) character file.

33 RKaid the Insei (level 3, -1/17 HPs)
             Began as a Vine Stalker Transmuter on Feb 26, 2017.
             Slain by a kobold
             ... wielding a +0 short sword
              (4 damage)
             ... on level 2 of the Dungeon.
             The game lasted 00:03:15 (1143 turns).

RKaid the Insei (Vine Stalker Transmuter)           Turns: 1143, Time: 00:03:15

Health: -1/17      AC:  2    Str: 12    XL:     3   Next: 29%
Magic:  0/7        EV: 12    Int: 14    God:
Gold:   111        SH:  0    Dex: 14    Spells: 3 memorised, 0 levels left

rFire  . . .     SeeInvis .       - Unarmed
rCold  . . .     Gourm    .     b - +0 robe
rNeg   . . .     Faith    .     (no shield)
rPois  .         Spirit   +     (no helmet)
rElec  .         Reflect  .     (no cloak)
rCorr  .         Harm     .     (no gloves)
MR     .....                    (boots currently unavailable)
Stlth  +.........               (no amulet)
                                (no ring)
                                (no ring)

@: lethally poisoned (-1 -> -10), appendage (expiring)
A: fangs 2, talons 3, magic shield, antimagic bite, no device heal 3, rot
immunity
a: End Transformation


You were on level 2 of the Dungeon.
You were not hungry.
You had grown temporary talons.
You visited 1 branch of the dungeon, and saw 2 of its levels.

You collected 111 gold pieces.

Inventory:

Missiles
 a - 50 arrows
 i - 22 stones (quivered)
Armour
 b - a +0 robe (worn)
Scrolls
 e - 2 scrolls of teleportation {unknown}
 f - a scroll of enchant armour {unknown}
 g - 2 scrolls of remove curse {unknown}
 h - a scroll of enchant weapon {unknown}
Books
 c - a book of Changes
Comestibles
 d - 2 bread rations
 j - a meat ration
 l - 6 chunks of flesh
 m - 2 fruits


   Skills:
 - Level 0.8 Fighting
 - Level 1.5 Dodging
 + Level 3.7 Unarmed Combat
 - Level 2.1 Spellcasting
 + Level 2.8 Transmutations


You couldn't memorise any spells.
You knew the following spells:

 Your Spells              Type           Power        Failure   Level  Hunger
a - Beastly Appendage     Tmut           #.....       10%         1    #......
b - Sticks to Snakes      Tmut           #.......     14%         2    ###....
c - Spider Form           Tmut/Pois      #.........   47%         3    ###....


Dungeon Overview and Level Annotations

Branches:
Dungeon (2/15)

Altars:
Gozag

Annotations:
D:2 exclusion: adder


Innate Abilities, Weirdness & Mutations

You have extremely sharp teeth.
When hurt, damage is shared between your health and your magic reserves.
Your bite disrupts and absorbs the magic of your enemies.
Potions and wands cannot restore your health.
You are immune to rotting.
You have claws for feet.


Message History

You throw a stone.
The stone hits the kobold but does no damage.
A kobold comes into view. It is wielding a whip.
There are monsters nearby!
There are monsters nearby!
Throwing (i - inventory):
i - 20 stones (quivered)
Press: ? - help, Shift-Dir - straight line, f/p - kobold
Aim: a kobold, wielding a short sword You throw a stone.
The stone closely misses the kobold.
There are monsters nearby!
There are monsters nearby!
Throwing (i - inventory):
i - 19 stones (quivered)
Press: ? - help, Shift-Dir - straight line, f/p - kobold
Aim: a kobold, wielding a short sword You throw a stone.
The stone barely misses the kobold.
Throwing (i - inventory):
i - 18 stones (quivered)
Press: ? - help, Shift-Dir - straight line, f/p - kobold
Aim: a kobold, wielding a short sword You throw a stone.
The stone hits the kobold but does no damage.
You hit the kobold. Your bite misses the kobold.
The kobold hits you with a short sword.
You hit the kobold.
You kill the kobold!
Throwing (i - inventory):
i - 17 stones (quivered)
Press: ? - help, Shift-Dir - straight line, f - kobold
Aim: a kobold, wielding a whip You throw a stone.
The stone closely misses the kobold.
The kobold barely misses you.
Casting: Beastly Appendage
Confirm with . or Enter, or press ? or * to list all spells.
Your feet morph into talons.
The kobold closely misses you. The kobold barely misses you.
You completely miss the kobold. Your kick misses the kobold.
Your punch misses the kobold. The kobold barely misses you.
You closely miss the kobold. You claw the kobold. You hit the kobold.
The kobold barely misses you.
You barely miss the kobold. Your kick misses the kobold. You bite the kobold.
You drain its power.
You feel invigorated.
You kill the kobold!
You see here a whip.
You now have 100 gold pieces (gained 1).
Your transformation is almost over.
You now have 102 gold pieces (gained 2).
You now have 103 gold pieces (gained 1).
You now have 104 gold pieces (gained 1).
You now have 106 gold pieces (gained 2).
Your talons disappear.
You now have 108 gold pieces (gained 2).
i - 18 stones (gained 2)
You now have 110 gold pieces (gained 2).
You now have 111 gold pieces (gained 1).
You see here a short sword.
i - 19 stones (gained 1)
i - 20 stones (gained 1)
i - 21 stones (gained 1)
i - 22 stones (gained 1) Memorise Sticks to Snakes, consuming 2 spell levels and leaving 3? [Y]es or [N]o only, please.
Memorise Sticks to Snakes, consuming 2 spell levels and leaving 3?
You start memorising the spell.
You continue memorising. x2
You finish memorising.
Spell assigned to 's'.
Adjust (i)tems, (s)pells, or (a)bilities?
Adjust which spell? s - Sticks to Snakes Adjust to which letter? b - Sticks to Snakes This spell is slightly dangerous to cast.
Memorise Spider Form, consuming 3 spell levels and leaving 0?
You start memorising the spell.
You continue memorising. x3
You finish memorising.
Spell assigned to 'c'.
You open the door.
A kobold comes into view. It is wielding a short sword.
Casting: Beastly Appendage
Confirm with . or Enter, or press ? or * to list all spells.
Your feet morph into talons.
The kobold shouts!
You hear an angry hiss.
The kobold throws a stone.
The stone hits you.
An adder comes into view.
The kobold misses you.
There is an open door here.
The kobold completely misses you.
You see here a leather armour.
You hit the adder. Your punch misses the adder. Your bite misses the adder.
The adder barely misses you. The kobold closely misses you.
You closely miss the kobold. Your kick misses the kobold.
The adder bites you but does no damage. The kobold hits you with a short sword.
You hit the adder. You bite the adder, but do no damage.
Your transformation is almost over.
The adder bites you.
You are lethally poisoned!
The adder poisons you! The kobold barely misses you. The adder bites you.
It was a potion of heal wounds.
That seemed strangely inert.
* * * LOW HITPOINT WARNING * * *
You feel sick. The adder misses you. The kobold hits you but does no damage.
You closely miss the adder. Your kick misses the adder.
Your bite misses the adder. The adder bites you.
* * * LOW HITPOINT WARNING * * *
The kobold hits you with a short sword.
You die...

#... ###.. .....
.... # #... #..#
# .. #.. #..#
.#.#
#..##..##..!#
#...........#
#....(......#
##...#S##...#
#...#K@#...#
#..P#%)#...#
#...####P..#
#..........# ##
##.........# ..
... #.........##
.
..#.#...........
#.#.#.......###
#.#.#.......#


You could see an adder and a kobold.

Vanquished Creatures
  A worm (D:2)
  2 dart slugs (D:1)
  A ball python (D:1)
  A giant cockroach (D:1)
  5 hobgoblins
  3 bats
  2 frilled lizards
  2 goblins (D:1)
  3 kobolds (D:2)
  8 rats
28 creatures vanquished.

Notes
Turn   | Place    | Note
-------+----------+-------------------------------------------
     0 | D:1      | RKaid the Vine Stalker Transmuter began the quest for the Orb.
     0 | D:1      | Reached XP level 1. HP: 9/9 MP: 4/4
   285 | D:1      | Reached XP level 2. HP: 11/14 MP: 6/6
   976 | D:2      | Reached XP level 3. HP: 17/17 MP: 7/7
  1063 | D:2      | Found an opulent altar of Gozag.
  1117 | D:2      | Learned a level 2 spell: Sticks to Snakes
  1121 | D:2      | Learned a level 3 spell: Spider Form
  1143 | D:2      | HP: 3/17 [adder (2)]
  1143 | D:2      | Slain by a kobold

Action                   || total
-------------------------++-------
Melee: Unarmed           ||    77
       Bite              ||    15
       Kick              ||     8
       Punch             ||     1
       Headbutt          ||     1
Throw: Stone             ||    42
 Cast: Beastly Appendage ||    10
  Use: Potion            ||     1
  Eat: Chunk             ||     1
Armor: Robe              ||    10
Dodge: Dodged            ||    53

Vault maps used:
D:1:      minmay_arrival_loop
D:2:      lemuel_upstairs_altar, corexii_shack, nicolae_gozag_seed_capital

Table legend:
 A = Turns spent in this place as a percentage of turns spent in the entire game.
 B = Non-inter-level travel turns spent in this place as a percentage of non-inter-level travel turns spent in the entire game.
 C = Inter-level travel turns spent in this place as a percentage of turns spent in this place.
 D = Turns resting spent in this place as a percentage of non-inter-level travel turns spent in this place.
 E = Turns spent auto-exploring this place as a percentage of non-inter-level travel turns spent in this place.
 F = Non-inter-level travel turns spent in this place divided by the number of levels of this place that you've seen.
                   A       B       C       D       E      F
               +-------+-------+-------+-------+-------+----------------------
         Total | 100.0 | 100.0 |   0.3 |   3.1 |   7.3 | 190.5
       Dungeon | 100.0 | 100.0 |   0.3 |   3.1 |   7.3 | 190.5
               +-------+-------+-------+-------+-------+----------------------

Table legend:
 A = Kills in this place as a percentage of kills in entire the game.
 B = Kills by you in this place as a percentage of kills by you in the entire game.
 C = Kills by friends in this place as a percentage of kills by friends in the entire game.
 D = Other kills in this place as a percentage of other kills in the entire game.
 E = Experience gained in this place as a percentage of experience gained in the entire game.
 F = Experience gained in this place divided by the number of levels of this place that you have seen.
                   A       B       C       D       E      F
               +-------+-------+-------+-------+-------+----------------------
         Total | 100.0 | 100.0 |  -nan |  -nan | 100.0 |  24.0
       Dungeon | 100.0 | 100.0 |  -nan |  -nan | 100.0 |  24.0
               +-------+-------+-------+-------+-------+----------------------
